 Dungeon Crawl Stone Soup version 0.32-a0-433-g08bcfe7efd (webtiles) character file.

Game seed: 16197354918561269689

114 cforsyth the Slasher (level 4, -5/35 HPs)
             Began as a Coglin Gladiator on Feb 22, 2024.
             Slain by a gnoll
             ... wielding a +0 halberd
              (7 damage)
             ... on level 3 of the Dungeon.
             The game lasted 00:01:36 (1792 turns).

cforsyth the Slasher (Coglin Gladiator)             Turns: 1792, Time: 00:01:36

Health: -5/35      AC:  4    Str: 14    XL:     4   Next: 97%
Magic:  4/4        EV: 12    Int:  7    God:
Gold:   18         SH:  0    Dex: 18    Spells: 3/3 levels left

rFire   . . .        a - +0 long sword {Shi}
rCold   . . .        f - +2 short sword (venom) {Servius}
rNeg    . . .        b - +0 leather armour
rPois   .            c - +0 helmet
rElec   .            (no cloak)
rCorr   .            (no gloves)
SInv    .            (no boots)
Will    .....        (no amulet)
Stlth   +            Y - +4 ring of slaying
HPRegen 0.25/turn    (no ring)
MPRegen 0.09/turn

%: no passive effects
@: immotile, revving
A: off-hand wielding, slow wielding, warmup strikes, legs shutdown
a: no special abilities


You were on level 3 of the Dungeon.
You visited 1 branch of the dungeon, and saw 3 of its levels.

You collected 18 gold pieces.


Innate Abilities, Weirdness & Mutations

You can wield a second weapon in your off-hand.
It takes a long time for you to wield or remove held weapons.
Your first few attacks do less damage.
Attacking and casting redirects power from your legs.


   Skills:
 + Level 3.3 Fighting
 + Level 3.9 Long Blades
 - Level 1.7 Throwing
 + Level 2.1 Armour
 - Level 2.6 Dodging


You had 3 spell levels left.
You didn't know any spells.
Your spell library was empty.

Inventory:

Hand Weapons
 a - a +0 long sword (weapon) {Shi}
 f - a +2 short sword of venom (offhand) {Servius}
Missiles
 d - 3 throwing nets (quivered) {=f}
 e - a javelin
Armour
 b - a +0 leather armour (worn)
 c - a +0 helmet (worn)
Magical Staves
 n - a staff of air {!a}
Jewellery
 Y - a +4 ring of slaying (left grasper)
Scrolls
 g - a scroll of teleportation {unknown}
 l - a scroll of immolation {unknown}
 m - a scroll of noise {unknown}
 o - a scroll of poison {unknown}
Potions
 h - a potion of berserk rage {unknown}
 i - a potion of ambrosia {unknown}
 j - a potion of mutation {unknown}
 k - a potion of haste {unknown}

Dungeon Overview and Level Annotations

Branches:
Dungeon (3/15)

Altars:

#..#..# #..#..###
#..#.... .
#..##.####...
#............ #######
##.###.#####( .......
...# #..)....
#....##########.....#.
#...g@......).'.......
#....##########.....##
....... #.....#
....... #######
....... .......
###.### ..


You could see a gnoll.


Message History

You are no longer unable to travel.
The gnoll hits you from afar with a +0 halberd.
You barely miss the gnoll with your +0 long sword.
You puncture the gnoll with your +2 short sword of venom!
The gnoll is poisoned.
The gnoll hits you with a +0 club.
The gnoll hits you from afar with a +0 halberd!
You hit the gnoll but do no damage.
The gnoll is severely wounded.
You puncture the gnoll with your +2 short sword of venom!
You kill the gnoll!
The gnoll hits you from afar with a +0 halberd!
* * * LOW HITPOINT WARNING * * *
You are too injured to fight recklessly!
You are too injured to fight recklessly!
You are too injured to fight recklessly!
You are too injured to fight recklessly!
You are too injured to fight recklessly!
You are too injured to fight recklessly!
You are too injured to fight recklessly!
You cannot move.
You are no longer unable to travel.
The gnoll barely misses you. The gnoll hits you with a +0 halberd!
* * * LOW HITPOINT WARNING * * *
There is an open door, spattered with blood here.
Items here: )) ††.
You closely miss the gnoll with your +0 long sword.
You hit the gnoll with your +2 short sword of venom.
The gnoll hits you with a +0 halberd!
You die...

Skill      XL: |  1  2  3  4 |
---------------+-------------+-----
Armour         | 1 2 |  2.1
Fighting       | 3 |  3.3
Long Blades    | |  3.9
Throwing       | |  1.7
Dodging        | |  2.6

Action                     |  1- 3 |  4- 6 || total
---------------------------+-------+-------++-------
  Melee: Long sword        |    37 |    14 ||    51
         Short sword       |    33 |    13 ||    46
   Stab: Sleeping          |     1 |       ||     1
 Armour: Leather armour    |    17 |    13 ||    30
  Dodge: Dodged            |    28 |     6 ||    34

Levels and vault maps discovered:
D:1:      scummos_arrival_star, layout_basic, dreamdust_princess_corridor
D:2:      minmay_angry_zag, layout_basic, minivault_27,
          nicolae_figureground_sparkle, uniq_jessica
D:3:      layout_basic, demons_altar, serial_shops, nicolae_book_shop_shelving

Notes
Turn   | Place    | Note
-------+----------+-------------------------------------------
     0 | D:1      | cforsyth the Coglin Gladiator began the quest for the Orb.
     0 | D:1      | Reached XP level 1. HP: 16/16 MP: 1/1
    61 | D:1      | Reached XP level 2. HP: 17/22 MP: 2/2
   576 | D:1      | Reached skill level 1 in Armour
   797 | D:2      | Reached XP level 3. HP: 28/28 MP: 3/3
  1478 | D:2      | Reached XP level 4. HP: 22/34 MP: 4/4
  1538 | D:2      | Noticed Jessica
  1542 | D:2      | Killed Jessica
  1543 | D:2      | Reached skill level 3 in Fighting
  1779 | D:3      | Reached skill level 2 in Armour
  1791 | D:3      | HP: 1/35 [gnoll/+0 halberd (11)]
  1792 | D:3      | Slain by a gnoll

Vanquished Creatures
  Jessica (D:2)
  2 gnolls (D:3)
  An adder (D:2)
  2 ribbon worms
  2 dart slugs (D:2)
  9 ball pythons
  2 endoplasms
  6 hobgoblins
  A jackal (D:2)
  2 quokkas
  4 bats
  2 frilled lizards
  4 goblins
  7 kobolds
  3 rats
48 creatures vanquished.

Table legend: (Time is in decaauts)
 A = Elapsed time spent in this place.
 B = Non-inter-level travel time spent in this place.
 C = Inter-level travel time spent in this place.
 D = Time resting spent in this place.
 E = Time spent auto-exploring this place.
 F = Levels seen in this place.
 G = Mean time per level.
                   A        B        C        D        E       F      G
               +--------+--------+--------+--------+--------+-----+--------+
         Total |   1793 |   1720 |     73 |      0 |   1466 |   3 |  597.7 |
       Dungeon |   1793 |   1720 |     73 |      0 |   1466 |   3 |  597.7 |
               +--------+--------+--------+--------+--------+-----+--------+

Top non-repeatable levels by time:
     D:2: 926 daAuts
     D:1: 753 daAuts
     D:3: 114 daAuts

Table legend:
 A = Non-vault XP
 B = Vault XP
 C = Vault XP percentage of total XP
 D = Non-vault monster count
 E = Vault monster count
 F = Vault count percentage of total count
                 A         B        C        D         E       F
            +---------+---------+-------+---------+---------+-------
      Total |     102 |      61 |  37.4 |      42 |       6 |  12.5
            +---------+---------+-------+---------+---------+-------
        D:1 |      27 |       0 |   0.0 |      17 |       0 |   0.0
        D:2 |      32 |      61 |  65.6 |      17 |       6 |  26.1
        D:3 |      43 |       0 |   0.0 |       8 |       0 |   0.0
            +---------+---------+-------+---------+---------+-------
